[Event "Titled Tuesday Blitz June 13 Early 2023"]
[White "Vakhlamov, Igor L."]
[Black "Pham, Le Thao Nguyen"]
[WhiteFideId "24126748"]
[BlackFideId "12401226"]
[WhiteElo "2407"]
[BlackElo "2286"]
[Result "1-0"]
[Round "3"]
[TimeControl "180+2"]
[Date "2023.06.13"]
[WhiteClock "0:01:16"]
[BlackClock "0:00:23"]
[Board "76"]

1. e4 c6 2. d4 d5 3. exd5 cxd5 4. c4 Nf6 5. Nc3 e6 6. c5 Be7 7. Bb5+ Bd7 8. Bxd7+ Nbxd7 9. b4 O-O 10. Nge2 Ne4 11. O-O Bf6 12. Qd3 Nxc3 13. Nxc3 a5 14. b5 e5 15. Nxd5 exd4 16. Ba3 Ne5 17. Qe4 Nc4 18. Bc1 Re8 19. Nxf6+ Qxf6 20. Qxb7 Rab8 21. Qd5 Qe6 22. Qxe6 fxe6 23. a4 e5 24. Rd1 Rbc8 25. c6 Red8 26. Bd2 Kf7 27. Kf1 Ke6 28. Rac1 Kd5 29. Rc2 d3 30. Bg5 e4 31. Bxd8 Rxd8 32. Rxc4 Kxc4 33. c7 1-0


[Site "https://www.chess.com"]

[Event "Titled Tuesday Blitz June 13 Early 2023"]
[White "Cruz Mendez, Jean Marco"]
[Black "Ilamparthi A R"]
[WhiteFideId "3526402"]
[BlackFideId "45015775"]
[WhiteElo "2064"]
[BlackElo "2348"]
[Result "0-1"]
[Round "3"]
[TimeControl "180+2"]
[Date "2023.06.13"]
[WhiteClock "0:00:21"]
[BlackClock "0:01:19"]
[Board "77"]

1. Nf3 Nf6 2. b3 g6 3. Bb2 Bg7 4. e3 O-O 5. Be2 d6 6. d4 Nbd7 7. O-O e5 8. dxe5 Ng4 9. c4 Ngxe5 10. Nxe5 Nxe5 11. Nc3 Re8 12. Qd2 a5 13. a3 h5 14. Rad1 Bg4 15. f3 Be6 16. e4 h4 17. Nd5 c6 18. Ne3 Qb6 19. Rb1 d5 20. Bd4 Nxf3+ 21. Rxf3 Bxd4 22. exd5 Bxd5 0-1


[Site "https://www.chess.com"]

[Event "Titled Tuesday Blitz June 13 Early 2023"]
[White "Rodchenkov, Sergey D."]
[Black "Hayrapetyan, Hovik"]
[WhiteFideId "4168712"]
[BlackFideId "13302639"]
[WhiteElo "2277"]
[BlackElo "2348"]
[Result "1-0"]
[Round "3"]
[TimeControl "180+2"]
[Date "2023.06.13"]
[WhiteClock "0:00:57"]
[BlackClock "0:00:02"]
[Board "78"]

1. e4 c5 2. Nf3 d6 3. d4 cxd4 4. Nxd4 Nf6 5. Nc3 a6 6. Be3 e5 7. Nb3 Be6 8. f3 h5 9. Qd2 Nbd7 10. Nd5 Bxd5 11. exd5 g6 12. O-O-O Nb6 13. Qa5 Bh6 14. Bxh6 Rxh6 15. Qd2 Rh8 16. f4 Nbd7 17. Kb1 Kf8 18. Bd3 Kg7 19. Rhf1 exf4 20. Qxf4 Ne5 21. Be2 Re8 22. Nd4 Nfd7 23. Bxh5 Qe7 24. Qg3 Kh7 25. Be2 Rac8 26. h4 Nf6 27. h5 Ne4 28. hxg6+ fxg6 29. Qh3+ Kg8 30. Rh1 Qf6 31. Qh7+ Kf8 32. Rhf1 Nf2 33. Rxf2 Qxf2 34. Rf1 Qxf1+ 35. Bxf1 Re7 1-0


[Site "https://www.chess.com"]

[Event "Titled Tuesday Blitz June 13 Early 2023"]
[White "Tokman, Ariel"]
[Black "Mahdavi, Reza"]
[WhiteFideId "117420"]
[BlackFideId "12595926"]
[WhiteElo "2263"]
[BlackElo "2395"]
[Result "0-1"]
[Round "3"]
[TimeControl "180+2"]
[Date "2023.06.13"]
[WhiteClock "0:00:00"]
[BlackClock "0:00:22"]
[Board "79"]

1. c4 e5 2. Nc3 Nf6 3. g3 c6 4. Nf3 e4 5. Nd4 d5 6. cxd5 cxd5 7. d3 Bc5 8. Nb3 Bb4 9. dxe4 Nxe4 10. Bd2 Bxc3 11. Bxc3 Nxc3 12. bxc3 O-O 13. Bg2 Be6 14. O-O Nc6 15. Nc5 Qe7 16. Nxe6 fxe6 17. Rb1 Rad8 18. Qa4 Qc7 19. Qb5 Rd7 20. Qc5 b6 21. Qe3 Qd6 22. Rbc1 Ne5 23. Qd4 Rc8 24. Rfd1 Rc4 25. Qd2 Qc5 26. Qg5 Ng4 27. e3 Nf6 28. Qe5 Qd6 29. Qxd6 Rxd6 30. Bf1 Rc5 31. c4 Rdc6 32. Rd4 e5 33. Rdd1 dxc4 34. Rd8+ Kf7 35. Ra8 Rc7 36. Be2 c3 37. Kf1 Rd5 38. Rc2 Rd2 39. Rxd2 cxd2 40. Bd1 Ne4 41. Ke2 Rd7 42. Bb3+ Ke7 43. Rg8 Nc3+ 44. Kf3 Kf6 45. Rf8+ Kg6 0-1


[Site "https://www.chess.com"]

[Event "Titled Tuesday Blitz June 13 Early 2023"]
[White "Aggelis, Nikolaos"]
[Black "Sattarov, Bobir"]
[WhiteFideId "4213220"]
[BlackFideId "14203081"]
[WhiteElo "2189"]
[BlackElo "2351"]
[Result "0-1"]
[Round "3"]
[TimeControl "180+2"]
[Date "2023.06.13"]
[WhiteClock "0:00:09"]
[BlackClock "0:00:16"]
[Board "80"]

1. c4 Nf6 2. g3 e6 3. Bg2 d5 4. Nf3 dxc4 5. Qa4+ Nbd7 6. Qxc4 c5 7. O-O b6 8. d4 Bb7 9. Nc3 Rc8 10. dxc5 Bxc5 11. Qa4 a6 12. Rd1 b5 13. Qh4 Qb6 14. e3 Be7 15. Qd4 Bc5 16. Qh4 O-O 17. Ng5 h6 18. Nge4 Be7 19. Nxf6+ Bxf6 20. Qh5 Bxg2 21. Kxg2 Ne5 22. Qe2 g6 23. Bd2 Bg7 24. Be1 Qb7+ 25. f3 f5 26. Rac1 g5 27. e4 g4 28. fxg4 fxg4 29. a3 Rf3 30. Bf2 Rcf8 31. Bg1 Nc4 32. Rf1 h5 33. h4 Be5 34. Bf2 Ne3+ 35. Qxe3 Rxe3 36. Bxe3 Rxf1 37. Rxf1 Bxc3 38. bxc3 Qxe4+ 39. Kf2 Qf3+ 0-1


[Site "https://www.chess.com"]

[Event "Titled Tuesday Blitz June 13 Early 2023"]
[White "Atakhan, Abtin"]
[Black "Gomes, Luiz Alexandre de Souza"]
[WhiteFideId "22502203"]
[BlackFideId "2102790"]
[WhiteElo "2008"]
[BlackElo "2506"]
[Result "1-0"]
[Round "3"]
[TimeControl "180+2"]
[Date "2023.06.13"]
[WhiteClock "0:00:12"]
[BlackClock "0:00:13"]
[Board "81"]

1. d4 Nf6 2. c4 c5 3. d5 b5 4. cxb5 a6 5. bxa6 g6 6. Nc3 d6 7. e4 Bg7 8. Nf3 O-O 9. a7 Rxa7 10. a4 Na6 11. Bb5 Nb4 12. O-O Bg4 13. Bd2 Qa8 14. h3 Bxf3 15. Qxf3 Nc2 16. Ra2 Nd4 17. Qd3 Rb8 18. Bc4 Nd7 19. f4 Nb6 20. Be3 Nxc4 21. Qxc4 Rb4 22. Qd3 Rab7 23. Rf2 Qb8 24. Qd2 Rb3 25. Kh2 R3b4 26. Bxd4 Bxd4 27. Re2 Bg7 28. Nb5 Qa8 29. Nc3 Rd4 30. Qc2 Rdb4 31. a5 Ra7 32. e5 Rxf4 33. exd6 exd6 34. Nb5 Rxa5 35. Rxa5 Qxa5 36. Re8+ Bf8 37. Qe2 Kg7 38. Rc8 Rf5 39. Qe8 Qd2 40. Qxf8+ Kf6 41. Qxd6+ Kg7 42. Qf8+ Kf6 43. Qh8+ Kg5 44. Qc3 Qf4+ 45. Qg3+ Qxg3+ 46. Kxg3 Rxd5 47. Nc3 Rd3+ 48. Kh2 f5 49. Rxc5 Rd2 50. Ne4+ 1-0


[Site "https://www.chess.com"]

[Event "Titled Tuesday Blitz June 13 Early 2023"]
[White "Vaibhav, Suri"]
[Black "feuervogel1000000"]
[WhiteFideId "5045185"]
[WhiteElo "2494"]
[BlackElo "2505"]
[Result "1/2-1/2"]
[Round "3"]
[TimeControl "180+2"]
[Date "2023.06.13"]
[WhiteClock "0:00:26"]
[BlackClock "0:00:38"]
[Board "82"]

1. d4 Nf6 2. Nc3 d5 3. Bf4 a6 4. e3 c5 5. Nf3 Nc6 6. Ne5 cxd4 7. exd4 Qb6 8. Nxc6 bxc6 9. Na4 Qa7 10. c3 e6 11. Bd3 Be7 12. O-O O-O 13. b4 a5 14. a3 Ba6 15. f3 Bxd3 16. Qxd3 Qa6 17. Qxa6 Rxa6 18. Nc5 Ra7 19. Nb3 axb4 20. axb4 Rfa8 21. Rxa7 Rxa7 22. Na5 Ra6 23. Ra1 Bd8 24. Kf2 Nd7 25. Ke3 f6 26. Kd3 e5 27. Be3 Nb6 28. dxe5 fxe5 29. Re1 Na4 30. Nb3 Nb2+ 31. Kc2 Nc4 32. Nd2 Ra2+ 33. Kd3 Nxe3 34. Rxe3 Bg5 35. Re2 Kf7 36. Nb3 Rxe2 37. Kxe2 Ke6 38. Nc5+ Kd6 39. Kd3 Be7 40. c4 h5 41. Na4 Kc7 42. c5 Kb7 43. Nc3 g5 44. h3 Bf8 45. g4 hxg4 46. hxg4 Ka6 47. Kc2 Bg7 48. Kb3 e4 49. fxe4 Bxc3 50. Kxc3 dxe4 51. Kd4 e3 52. Kxe3 Kb5 53. Ke4 Kxb4 54. Kf5 Kxc5 55. Kxg5 Kd4 56. Kf6 c5 57. g5 c4 58. g6 c3 59. g7 c2 60. g8=Q c1=Q 61. Qd8+ 1/2-1/2


[Site "https://www.chess.com"]

[Event "Titled Tuesday Blitz June 13 Early 2023"]
[White "Klukin, Kirill"]
[Black "Aarav Dengla"]
[WhiteFideId "24199273"]
[BlackFideId "45059756"]
[WhiteElo "2344"]
[BlackElo "2288"]
[Result "1-0"]
[Round "3"]
[TimeControl "180+2"]
[Date "2023.06.13"]
[WhiteClock "0:00:14"]
[BlackClock "0:00:01"]
[Board "83"]

1. f4 g6 2. Nf3 Bg7 3. g3 b6 4. Bg2 Bb7 5. O-O c5 6. d3 d5 7. Nc3 e6 8. e4 d4 9. Ne2 Ne7 10. g4 f5 11. Ng5 Qc8 12. gxf5 exf5 13. Ng3 h6 14. Nf3 Nd7 15. Qe2 O-O 16. Nh4 Kh7 17. Bd2 Bf6 18. Nf3 a5 19. Rae1 fxe4 20. Nxe4 Nf5 21. Bh3 Qc6 22. Kh1 Rae8 23. Rg1 Bh4 24. Ref1 Nf6 25. Ne5 Nxe4 26. dxe4 Qxe4+ 27. Qxe4 Bxe4+ 28. Bg2 Bxc2 29. Nxg6 Kxg6 30. Be4+ Kf6 31. Bxc2 Re2 32. Rd1 Rfe8 33. Bd3 Rf2 34. Rg4 Ne3 35. Bxe3 dxe3 36. Rxh4 Rd8 37. Kg1 Rd2 38. Rxd2 exd2 39. Be2 d1=Q+ 40. Bxd1 Rxd1+ 41. Kf2 Rd2+ 42. Kf3 Rxb2 43. Rxh6+ Kg7 44. Rc6 a4 45. a3 Rb3+ 46. Kg4 Rxa3 47. Rxb6 c4 48. h4 c3 49. h5 c2 50. Rc6 Ra2 51. Kg5 Kh7 52. Rc7+ Kg8 53. h6 Rb2 54. f5 a3 55. Kg6 Kf8 56. h7 Rb6+ 57. f6 Rc6 58. h8=Q# 1-0


[Site "https://www.chess.com"]

[Event "Titled Tuesday Blitz June 13 Early 2023"]
[White "Ai, Evan"]
[Black "Zhao, Jun"]
[WhiteFideId "2094770"]
[BlackFideId "8602522"]
[WhiteElo "1963"]
[BlackElo "2547"]
[Result "1-0"]
[Round "3"]
[TimeControl "180+2"]
[Date "2023.06.13"]
[WhiteClock "0:00:06"]
[BlackClock "0:00:08"]
[Board "84"]

1. e4 e6 2. d4 d5 3. Nd2 c5 4. exd5 Qxd5 5. Ngf3 cxd4 6. Bc4 Qd7 7. O-O Nc6 8. Nb3 a6 9. Nbxd4 Nxd4 10. Nxd4 Bc5 11. c3 Bxd4 12. cxd4 Nf6 13. Bg5 b5 14. Bb3 Bb7 15. Re1 Nd5 16. Qg4 Kf8 17. Rac1 h6 18. Bf4 h5 19. Qg3 h4 20. Qg4 h3 21. Be5 f6 22. Bxd5 Qxd5 23. Rc7 Qxg2+ 24. Qxg2 Bxg2 25. Bd6+ Kg8 26. Rxe6 Rh6 27. Bg3 Rd8 28. Rd6 Rxd6 29. Bxd6 Rh4 30. f4 Bd5 31. b3 Rg4+ 32. Kf1 Rg2 33. Rc5 Be4 34. f5 Rxh2 35. Bxh2 1-0


[Site "https://www.chess.com"]

[Event "Titled Tuesday Blitz June 13 Early 2023"]
[White "Djordjevic, Vuk"]
[Black "Mrithyunjay Mahadevan"]
[WhiteFideId "902098"]
[BlackFideId "45003521"]
[WhiteElo "2463"]
[BlackElo "1626"]
[Result "1-0"]
[Round "3"]
[TimeControl "180+2"]
[Date "2023.06.13"]
[WhiteClock "0:00:07"]
[BlackClock "0:00:43"]
[Board "85"]

1. d4 Nf6 2. Bg5 d5 3. Bxf6 gxf6 4. e3 c5 5. dxc5 Nc6 6. Nf3 e5 7. Be2 Bxc5 8. O-O Be6 9. Nbd2 Rg8 10. Kh1 f5 11. Bb5 Bd6 12. c4 a6 13. cxd5 Bxd5 14. Bc4 Be6 15. e4 fxe4 16. Nxe4 Be7 17. Bxe6 Qxd1 18. Bxf7+ Kxf7 19. Raxd1 Rad8 20. Rfe1 h6 21. Kg1 Ke6 22. Ned2 b5 23. Kf1 Bb4 24. Re2 Rd5 25. a3 Ba5 26. Rc1 Nd4 27. Nxd4+ Rxd4 28. Nb3 Bb6 29. Nxd4+ Bxd4 30. Rc6+ Kd5 31. Rxh6 a5 32. Ra6 a4 33. h4 Rg4 34. g3 Kc4 35. Ra8 Kb3 36. Rb8 Kc4 37. h5 Rg5 38. h6 Rh5 39. Rh8 Kd3 40. Re1 Rh2 41. Kg1 Rxf2 42. Kh1 Rf5 43. h7 Rh5+ 44. Kg2 Kd2 45. Re4 Kd3 46. Rh4 e4 47. Rxh5 Bxh8 48. Rd5+ Kc4 49. Rd8 Bxb2 50. h8=Q Bxh8 51. Rxh8 Kb3 52. g4 Kxa3 53. g5 Kb2 54. g6 a3 55. g7 a2 56. Ra8 a1=Q 57. Rxa1 Kxa1 58. g8=Q b4 59. Qb3 e3 60. Qxe3 b3 61. Qc1+ Ka2 62. Qc4 Ka1 63. Kf2 b2 64. Qa4+ Kb1 65. Ke2 Kc1 66. Qd1# 1-0


[Site "https://www.chess.com"]

[Event "Titled Tuesday Blitz June 13 Early 2023"]
[White "Yelisieiev, Yevhenii"]
[Black "Postny, Evgeny"]
[WhiteFideId "14139642"]
[BlackFideId "2804344"]
[WhiteElo "2403"]
[BlackElo "2504"]
[Result "1/2-1/2"]
[Round "3"]
[TimeControl "180+2"]
[Date "2023.06.13"]
[WhiteClock "0:00:10"]
[BlackClock "0:00:03"]
[Board "86"]

1. d4 c5 2. d5 g6 3. g3 Bg7 4. Bg2 d6 5. Nf3 b5 6. O-O Nf6 7. a4 b4 8. c4 bxc3 9. Nxc3 O-O 10. Re1 Bg4 11. Nd2 Na6 12. Nc4 Qc8 13. Na5 Nb4 14. Nc6 Re8 15. Nxb4 cxb4 16. Nb5 Bd7 17. Be3 Qb7 18. Qd3 a6 19. Nd4 Nxd5 20. Nb3 e6 21. Bd4 Bxd4 22. Qxd4 Rac8 23. Red1 Rc2 24. e4 Ne7 25. Qxd6 Bc6 26. Rd2 Rxd2 27. Nxd2 Nc8 28. Qc5 Qb6 29. Qxb6 Nxb6 30. a5 Nd7 31. Nc4 Nc5 32. e5 Bxg2 33. Kxg2 Nb3 34. Ra4 Rb8 35. Nb6 Nxa5 36. Rxa5 Rxb6 37. Kf3 Rc6 38. Ra4 a5 39. Rxa5 Rc2 40. b3 Rc3+ 41. Kf4 Rxb3 42. Rb5 Kg7 43. h4 h6 44. g4 Rb2 45. f3 Rb1 46. g5 h5 47. Rb8 b3 48. Rb7 b2 49. Rb8 Kh7 50. Rb7 Kg7 51. Rb8 Rh1 52. Rxb2 Rxh4+ 53. Kg3 Rc4 54. Rb8 Rc5 55. Kf4 Rc2 56. Rb1 Rg2 57. Rc1 Ra2 58. Rc4 Ra8 59. Rb4 Rd8 60. Rc4 Kf8 61. Ra4 Ke7 62. Ra7+ Rd7 63. Ra4 Rb7 64. Rc4 Kd7 65. Rd4+ Kc6 66. Kg3 Kc5 67. Rd8 Kc4 68. Kf4 Kc3 69. Rd6 Kc4 70. Rd8 Kc5 71. Rd1 Kc6 72. Rd6+ Kb5 73. Rd8 Kc4 74. Rd6 Rc7 75. Rd8 Kb5 76. Rd6 Kc5 77. Rd8 Kc4 78. Rd6 Kc3 79. Rd8 Rc4+ 80. Ke3 Rc5 81. Ke4 Rd5 82. Rc8+ Kd2 83. Rf8 Rd7 84. Kf4 Ke2 85. Rc8 Kd3 86. Kg3 Kd4 87. Kf4 Kd3 88. Rc1 Rd4+ 89. Kg3 Ke3 90. Re1+ Kd2 91. Ra1 Rd7 92. Ra4 Kd3 93. Rf4 Ke3 94. Re4+ Kd3 95. Ra4 Rc7 96. Ra3+ Kd4 97. Kf4 Kd5 98. Ra5+ Rc5 99. Ra7 Rc4+ 100. Kg3 Kxe5 101. Rxf7 Rb4 102. Rf6 h4+ 103. Kh3 Rf4 104. Rxg6 Rxf3+ 105. Kxh4 Rf1 106. Rg8 Rh1+ 107. Kg4 Rg1+ 108. Kh4 Rh1+ 109. Kg4 Rg1+ 110. Kh4 Rh1+ 1/2-1/2


[Site "https://www.chess.com"]

[Event "Titled Tuesday Blitz June 13 Early 2023"]
[White "whiteglovethief"]
[Black "Karthik Rajaa"]
[BlackFideId "25035215"]
[WhiteElo "2502"]
[BlackElo "2215"]
[Result "1/2-1/2"]
[Round "3"]
[TimeControl "180+2"]
[Date "2023.06.13"]
[WhiteClock "0:00:05"]
[BlackClock "0:00:05"]
[Board "87"]

1. d4 Nf6 2. c4 g6 3. Nc3 Bg7 4. e4 d6 5. Nf3 O-O 6. Be2 Nbd7 7. O-O e5 8. Bg5 h6 9. Bh4 g5 10. Bg3 Nh5 11. dxe5 Nxg3 12. hxg3 dxe5 13. Ne1 Nc5 14. Nd3 Ne6 15. Bg4 Nd4 16. Bxc8 Rxc8 17. Ne2 c6 18. Nxd4 Qxd4 19. Qb3 Qxe4 20. Nc5 Qd4 21. Nxb7 Rb8 22. Rad1 Qg4 23. Rfe1 Rfe8 24. c5 Bf8 25. Rd6 Bxd6 26. cxd6 Qc8 27. d7 Qxd7 28. Nc5 Qd2 29. Qd1 Rxb2 30. Qxd2 Rxd2 31. Ne4 Rxa2 32. Nf6+ Kf8 33. Nxe8 Kxe8 34. Rxe5+ Kd7 35. Rf5 Ke6 36. Rc5 Ra6 37. f4 gxf4 38. gxf4 f5 39. Kf2 Kf6 40. Kg3 Rb6 41. Ra5 a6 42. Kh4 Kg6 43. Kh3 Rb3+ 44. g3 Rb6 45. Rc5 Kf6 46. Kh4 a5 47. Rxa5 Rb8 48. Rc5 Rc8 49. Kh5 Ke6 50. Kxh6 Kf6 51. Kh7 Rc7+ 52. Kh6 Rc8 53. Kh7 Rc7+ 54. Kh6 Rc8 1/2-1/2


[Site "https://www.chess.com"]

[Event "Titled Tuesday Blitz June 13 Early 2023"]
[White "Rastbod, Ali"]
[Black "kuanysh1981"]
[WhiteFideId "12567477"]
[WhiteElo "2281"]
[BlackElo "2499"]
[Result "1/2-1/2"]
[Round "3"]
[TimeControl "180+2"]
[Date "2023.06.13"]
[WhiteClock "0:00:05"]
[BlackClock "0:00:12"]
[Board "88"]

1. Nf3 Nf6 2. e3 g6 3. b3 Bg7 4. Bb2 O-O 5. Be2 b6 6. O-O Bb7 7. c4 c5 8. Nc3 d5 9. Nxd5 Nxd5 10. Bxg7 Nxe3 11. fxe3 Kxg7 12. d4 Nd7 13. d5 Qc7 14. e4 Ne5 15. Qd2 Nxf3+ 16. gxf3 Qe5 17. Rae1 Rad8 18. Bd1 g5 19. f4 gxf4 20. Qxf4 Qxf4 21. Rxf4 f6 22. e5 fxe5 23. Rg4+ Kh8 24. Rxe5 Rf7 25. Bc2 Bc8 26. Rg3 Rg8 27. Be4 Rxg3+ 28. hxg3 Kg7 29. Rh5 h6 30. Rh4 Bf5 31. Rf4 Bd7 32. Rh4 Bf5 33. Bxf5 Rxf5 34. Re4 Kf7 35. Kg2 Rf6 36. a3 e6 37. dxe6+ Rxe6 38. Kf3 Rd6 39. Re3 Kf6 40. Kf4 Rd4+ 41. Kf3 Kf5 42. Rc3 h5 43. Re3 a5 44. a4 Kf6 45. Re4 Rd3+ 46. Re3 Rd4 47. Re4 Rd3+ 48. Re3 Rd6 49. Re4 Kf5 50. Rf4+ Kg5 51. Re4 Rd3+ 52. Re3 Rd4 53. Re5+ Kf6 54. Re4 1/2-1/2


[Site "https://www.chess.com"]

[Event "Titled Tuesday Blitz June 13 Early 2023"]
[White "Pulpan, Jakub"]
[Black "Hnydiuk, Aleksander"]
[WhiteFideId "302759"]
[BlackFideId "1109057"]
[WhiteElo "2484"]
[BlackElo "2374"]
[Result "1-0"]
[Round "3"]
[TimeControl "180+2"]
[Date "2023.06.13"]
[WhiteClock "0:00:56"]
[BlackClock "0:00:00"]
[Board "89"]

1. c3 g6 2. d3 Bg7 3. g3 Nf6 4. Bg2 O-O 5. a4 c5 6. Nf3 d5 7. Bf4 Nh5 8. Bc1 Nc6 9. O-O e5 10. Nfd2 Be6 11. e4 Qd7 12. Re1 Rad8 13. a5 f5 14. Qa4 Qf7 15. Nf3 fxe4 16. dxe4 dxe4 17. Rxe4 Bd5 18. Nbd2 Bxe4 19. Nxe4 Nf6 20. Nxc5 e4 21. Ng5 Qd5 22. Be3 Ng4 23. Bxe4 Qe5 24. Nce6 Nxe3 25. fxe3 h6 26. Nxd8 Nxd8 27. Nf3 Qf6 28. Qd4 Re8 29. Qxf6 Bxf6 30. Bxg6 Rxe3 31. Nd4 Bxd4 32. cxd4 Re2 33. Rc1 Nc6 34. a6 1-0


[Site "https://www.chess.com"]

[Event "Titled Tuesday Blitz June 13 Early 2023"]
[White "Ginzburg, Yakov"]
[Black "Mohammad Fahad, Rahman"]
[WhiteFideId "4157176"]
[BlackFideId "10207791"]
[WhiteElo "2305"]
[BlackElo "2339"]
[Result "1-0"]
[Round "3"]
[TimeControl "180+2"]
[Date "2023.06.13"]
[WhiteClock "0:00:13"]
[BlackClock "0:00:00"]
[Board "90"]

1. d4 d5 2. c4 e6 3. g3 dxc4 4. Bg2 a6 5. Nf3 b5 6. Ne5 c6 7. O-O Qb6 8. a4 Bb7 9. Nc3 Nf6 10. e4 Nbd7 11. Nxf7 Kxf7 12. e5 Nd5 13. Ne4 Be7 14. Bg5 Rhf8 15. Qg4 Rae8 16. Bh3 Nc7 17. a5 Qa7 18. Qh4 Bb4 19. Be3 Kg8 20. d5 c5 21. Ng5 h6 22. Nxe6 Bxd5 23. Nxg7 Rxe5 24. Bxd7 Ne6 25. Bxe6+ Bxe6 26. Bxh6 Bd5 27. Nh5 Qf7 28. Qg4+ Kh7 29. Bf4 Rxh5 30. Rad1 Rg8 31. Qe2 Qxf4 32. Qxh5+ Qh6 33. Qxd5 Rg7 34. Qf5+ Qg6 35. Qh3+ Qh6 36. Qxh6+ Kxh6 37. Rd6+ Rg6 38. Rxg6+ Kxg6 39. f4 c3 40. bxc3 Bxc3 41. g4 Bd2 42. f5+ Kf6 43. h4 c4 44. g5+ Kf7 45. f6 Bb4 46. h5 Bc5+ 47. Kg2 c3 48. g6+ Kf8 49. h6 c2 50. h7 1-0


[Site "https://www.chess.com"]

[Event "Titled Tuesday Blitz June 13 Early 2023"]
[White "Fus, Jakub"]
[Black "gueraumasague"]
[WhiteFideId "1193023"]
[WhiteElo "2335"]
[BlackElo "2494"]
[Result "1/2-1/2"]
[Round "3"]
[TimeControl "180+2"]
[Date "2023.06.13"]
[WhiteClock "0:00:07"]
[BlackClock "0:00:11"]
[Board "91"]

1. Nf3 g6 2. g3 Bg7 3. Bg2 d6 4. O-O Nf6 5. d4 Bf5 6. Nbd2 Qc8 7. Re1 Bh3 8. Bh1 Nc6 9. e4 Bg4 10. c3 e5 11. Qa4 O-O 12. Nf1 exd4 13. cxd4 Re8 14. d5 Bxf3 15. dxc6 Bxh1 16. Kxh1 bxc6 17. Qxc6 Qh3 18. Kg1 Rab8 19. Qc2 d5 20. e5 Ng4 21. f4 Bf8 22. Ne3 Bc5 23. Kh1 Bb6 24. Nxg4 Qxg4 25. Be3 Qf3+ 26. Qg2 Qxg2+ 27. Kxg2 Bxe3 28. Rxe3 Rxb2+ 29. Kf3 c5 30. Rc3 Rc8 31. Rd1 Rxh2 32. Rxd5 Rxa2 33. Rdxc5 Rxc5 34. Rxc5 h5 35. Rc7 a5 36. Ra7 a4 37. Ke3 Kf8 38. Kf3 Ke8 39. Ke3 a3 40. Kf3 Ra1 41. Kg2 a2 42. Kh2 Kd8 43. Kg2 Kc8 44. Kh2 Kb8 45. Ra3 Kb7 46. Kg2 Kc6 47. Ra8 Kd5 48. Ra5+ Ke4 49. Ra4+ Kf5 50. Ra3 Kg4 51. Ra4 Kf5 52. Ra3 Ke4 53. Ra4+ Kd3 54. Ra3+ Kc2 55. Ra8 Kc3 56. Rc8+ Kd4 57. Rd8+ Ke4 58. Ra8 h4 59. Ra4+ Kf5 60. gxh4 Kg4 61. Kh2 Kh5 62. Kg2 Kg4 63. Kh2 Kf5 64. Kg2 Ke6 65. Ra6+ Kf5 66. Ra4 1/2-1/2


[Site "https://www.chess.com"]

[Event "Titled Tuesday Blitz June 13 Early 2023"]
[White "Yeritsyan, Hayk"]
[Black "Levitskiy, Andrey"]
[WhiteFideId "13307320"]
[BlackFideId "14132885"]
[WhiteElo "2493"]
[BlackElo "2347"]
[Result "1-0"]
[Round "3"]
[TimeControl "180+2"]
[Date "2023.06.13"]
[WhiteClock "0:00:15"]
[BlackClock "0:00:00"]
[Board "92"]

1. c4 e5 2. Nc3 Bb4 3. Nd5 Be7 4. d4 exd4 5. Qxd4 Nf6 6. Nf3 Nc6 7. Qd2 Nxd5 8. Qxd5 O-O 9. Bd2 Bf6 10. O-O-O d6 11. h4 Be6 12. Qd3 Re8 13. Ng5 g6 14. Nxe6 Rxe6 15. h5 Qe7 16. hxg6 fxg6 17. e3 Bg7 18. Be2 Qf6 19. Bc3 Qxf2 20. Bxg7 Kxg7 21. Qc3+ Re5 22. Bd3 Re8 23. Kb1 a5 24. Be4 Qf6 25. Rdf1 Qe7 26. Bd5 Rf8 27. Rf4 g5 28. Rf3 Nb4 29. Rfh3 Rh8 30. a3 Nxd5 31. cxd5 h6 32. Rf3 Rf8 33. Rhf1 Rxf3 34. gxf3 Qf6 35. Qxc7+ Re7 36. Qxa5 Rxe3 37. Qc7+ Re7 38. Qc8 Qe5 39. f4 Qe4+ 40. Ka1 Qxd5 41. fxg5 Rf7 42. gxh6+ Kh7 43. Qc2+ Kxh6 44. Qc1+ Kh7 45. Rh1+ Kg8 46. Qg1+ Rg7 47. Qe1 Qf7 48. Rf1 Qe7 49. Qd1 Rg5 50. Qd4 Qe5 51. Qc4+ Qd5 52. Qc8+ Kg7 53. Qf8+ Kg6 54. Qf6+ Kh5 55. Qh8+ Kg4 56. Rg1+ Kf4 57. Qh4+ Kf3 58. Qxg5 1-0


[Site "https://www.chess.com"]

[Event "Titled Tuesday Blitz June 13 Early 2023"]
[White "Sammed Jaykumar, Shete"]
[Black "Taboas Rodriguez, Daniel"]
[WhiteFideId "5073421"]
[BlackFideId "2208466"]
[WhiteElo "2296"]
[BlackElo "2365"]
[Result "1/2-1/2"]
[Round "3"]
[TimeControl "180+2"]
[Date "2023.06.13"]
[WhiteClock "0:00:26"]
[BlackClock "0:00:14"]
[Board "93"]

1. d4 Nf6 2. c4 g6 3. Nc3 Bg7 4. Bg5 O-O 5. e4 d6 6. Qd2 Nc6 7. Be2 e5 8. d5 Nd4 9. Nf3 Nxe2 10. Qxe2 h6 11. Be3 Nh5 12. g3 f5 13. exf5 Bxf5 14. Nd2 Nf6 15. f3 h5 16. O-O-O a6 17. Nde4 Nxe4 18. Nxe4 b5 19. c5 Bxe4 20. fxe4 Kh7 21. h3 Bh6 22. Qd2 Bxe3 23. Qxe3 Qf6 24. Rd2 Qf3 25. Re1 Rf6 26. Rc2 Raf8 27. cxd6 cxd6 28. Rc6 Qg2 29. Rc7+ R8f7 30. Qa7 Kg7 31. Kb1 Qxg3 32. Rec1 Qd3+ 33. Ka1 Qxe4 34. Qxa6 Qxd5 35. Rc8 Rf1 36. a3 Qd2 37. Kb1 Qd3+ 38. Ka2 Qd5+ 39. Ka1 R1f2 40. Rb8 Rf1 41. Rc8 1/2-1/2


[Site "https://www.chess.com"]

[Event "Titled Tuesday Blitz June 13 Early 2023"]
[White "cristianserban1"]
[Black "Itgelt, Khuyagtsogt"]
[BlackFideId "4902912"]
[WhiteElo "2491"]
[BlackElo "2227"]
[Result "1-0"]
[Round "3"]
[TimeControl "180+2"]
[Date "2023.06.13"]
[WhiteClock "0:00:13"]
[BlackClock "0:00:05"]
[Board "94"]

1. d4 Nf6 2. Bf4 g6 3. Nc3 d5 4. e3 Bg7 5. Nf3 O-O 6. Nb5 Na6 7. h3 c6 8. Nc3 c5 9. Bxa6 bxa6 10. dxc5 Qa5 11. c6 Ne4 12. O-O Nxc3 13. bxc3 Qxc3 14. Qxd5 Be6 15. Qe4 Qc4 16. Nd4 Bd5 17. Qxe7 Bxc6 18. Rad1 Ba4 19. Qa3 Rfd8 20. Bg5 Rd5 21. Be7 Re8 22. Nb3 Bb5 23. Na5 Qe4 24. Rxd5 Qxd5 25. Rc1 Qd2 26. Bb4 Qe2 27. c4 Bb2 28. Qb3 Bxc1 29. cxb5 Qxb5 30. Qc3 Rd8 31. Nc6 Re8 32. Ne7+ Rxe7 33. Bxe7 Bb2 34. Qc8+ Kg7 35. Bg5 f6 36. Bf4 Kf7 37. Qc7+ Ke6 38. Qxa7 Qc6 39. Qb8 g5 40. Bg3 h5 41. Qg8+ Kf5 42. Qh7+ Ke6 43. Qxh5 Kd5 44. Kh2 Qc1 45. Qf3+ Kc4 46. Qe4+ Kb5 47. Qd5+ Qc5 48. Qb3+ Qb4 49. e4 Qxb3 50. axb3 Kb4 51. f4 Kxb3 52. fxg5 fxg5 53. e5 Kc4 54. e6 Bf6 55. Bd6 Kd5 56. e7 Bxe7 57. Bxe7 a5 58. g3 a4 59. h4 gxh4 60. gxh4 Ke6 61. Ba3 Kf5 62. Kh3 Kg6 63. Kg4 Kh6 64. h5 Kh7 65. Kg5 Kg8 66. h6 Kh7 67. Kh5 1-0


[Site "https://www.chess.com"]

[Event "Titled Tuesday Blitz June 13 Early 2023"]
[White "Ladan, Nicholas"]
[Black "Darini, Pouria"]
[WhiteFideId "30918855"]
[BlackFideId "12502200"]
[WhiteElo "2167"]
[BlackElo "2482"]
[Result "0-1"]
[Round "3"]
[TimeControl "180+2"]
[Date "2023.06.13"]
[WhiteClock "0:00:00"]
[BlackClock "0:00:13"]
[Board "95"]

1. d4 Nf6 2. Bf4 d5 3. e3 c5 4. Nf3 e6 5. c3 Nc6 6. Nbd2 cxd4 7. exd4 Nh5 8. Bg5 f6 9. Bh4 Bd6 10. Bd3 Nf4 11. Bf1 O-O 12. Bg3 Bd7 13. Qc2 Rc8 14. a3 f5 15. Bxf4 Bxf4 16. g3 Bd6 17. Bg2 Qb6 18. Qb3 Qc7 19. O-O b5 20. Rfe1 h6 21. Re2 Na5 22. Qa2 Nc4 23. Rae1 Rfe8 24. Nxc4 bxc4 25. Ne5 Ba4 26. g4 fxg4 27. Qb1 Bxe5 28. Rxe5 Qf7 29. Qc1 Rf8 30. Qe3 Bd7 31. Qg3 Qf4 32. R1e3 Rb8 33. Qxf4 Rxf4 34. Re2 g5 35. h3 gxh3 36. Bxh3 g4 37. Bg2 Rbf8 38. Rh5 Kg7 39. Rhe5 R8f5 40. Rxf5 Rxf5 41. Kh2 h5 42. Kg3 Kg6 43. f4 gxf3 44. Bxf3 Kg5 45. Rg2 h4+ 46. Kf2+ Kf6 47. Ke3 e5 48. dxe5+ Kxe5 49. Rh2 Rf4 50. Rg2 h3 51. Rg5+ Bf5 52. Rg7 Rh4 53. Rxa7 h2 54. Re7+ Kf6 55. Re8 Be4 56. Rxe4 dxe4 57. Bg2 h1=Q 58. Bxh1 Rxh1 59. Kxe4 Rd1 60. a4 Ke6 61. a5 Kd6 62. a6 Kc5 63. a7 Ra1 64. a8=N Rxa8 0-1


[Site "https://www.chess.com"]